 Dungeon Crawl Stone Soup version 0.17-a0-1-g1f4be75 (webtiles) character file.

373 achirane the Geomancer (level 7, -2/46 HPs)
             Began as a Formicid Earth Elementalist on Mar 6, 2015.
             Slain by ark's ghost (7 damage)
             ... on level 3 of the Dungeon.
             The game lasted 00:28:59 (2408 turns).

achirane the Geomancer (FoEE)                       Turns: 2408, Time: 00:28:59

Health: -2/46      AC:  0    Str: 13    XL:     7   Next: 2%
Magic:  10/14      EV: 12    Int: 16    God:
Gold:   101        SH:  0    Dex: 11    Spells: 3 memorised, 4 levels left

rFire  . . .     SeeInvis +     f - +5 club
rCold  . . .     Clarity  .     c - +1 robe
rNeg   . . .     SustAb   .     (no shield)
rPois  .         Gourm    .     (helmet unavailable)
rElec  .         Spirit   .     (no cloak)
rCorr  .         Warding  .     (no gloves)
rMut   .         Stasis   +     (no boots)
MR     .....                    (no amulet)
Stlth  +.........               r - ring of loudness (curse)
                                k - -3 ring of protection (curse)

@: not resistant to hostile enchantments, very unstealthy
A: permanent stasis, dig shafts and tunnels, four strong arms, antennae 3
a: Dig, Shaft Self


You were on level 3 of the Dungeon.
You were hungry.

You visited 1 branch of the dungeon, and saw 3 of its levels.

You collected 101 gold pieces.

Inventory:

Hand weapons
 f - a +5 club (weapon)
 g - a +0 hunting sling
Armour
 c - a +1 robe (worn)
Jewellery
 k - a cursed -3 ring of protection (left hand)
 r - a cursed ring of loudness (right hand)
Magical devices
 o - a wand of fireball (0)
Scrolls
 h - a scroll of enchant armour
 l - a scroll of teleportation
 m - a scroll of amnesia {unknown}
 p - a scroll of remove curse {unknown}
 q - a scroll of random uselessness
Potions
 e - a potion of poison {unknown}
 n - a potion of brilliance {unknown}
Books
 d - a book of Geomancy

   Spells                             Type                      Level
   a - Sandblast                      Earth                        1
   b - Stoneskin                      Transmutation/Earth          2
   c - Passwall                       Transmutation/Earth          3
   d - Stone Arrow                    Conjuration/Earth            3
   e - Petrify                        Transmutation/Earth          4
   f - Lee's Rapid Deconstruction     Earth                        5
Comestibles
 a - 2 bread rations
 j - 5 chunks of flesh


   Skills:
 - Level 1.7 Dodging
 - Level 2.4 Stealth
 - Level 2.1 Spellcasting
 - Level 1.1 Transmutations
 + Level 8.8 Earth Magic


You had 4 spell levels left.
You knew the following spells:

 Your Spells              Type           Power        Failure   Level  Hunger
a - Sandblast             Erth           ####..       1%          1    #......
b - Stone Arrow           Conj/Erth      ###...       12%         3    ###....
c - Stoneskin             Trmt/Erth      ###.....     4%          2    ###....


Dungeon Overview and Level Annotations

Branches:
Dungeon (3/15)

Altars:

Annotations:
D:3 ark's ghost, average TrEE


Innate Abilities, Weirdness & Mutations

You are under a permanent stasis effect.
You can dig through walls and to a lower floor.
Your four strong arms can wield two-handed weapons with a shield.
You have a pair of large antennae on your head (SInv).


Message History

Press: ? - help, Shift-Dir - straight line, f/p - ark's ghost
Aim: ark's ghost (almost destroyed)
The rocky blast hits ark's ghost.
Ark's ghost is almost destroyed.
You are now empty-handed.
Ark's ghost hits you!
Wield which item (- for none, * to show all)? (? for menu, Esc to quit)
f - a +5 club (weapon)
You hit ark's ghost but do no damage.
Ark's ghost is almost destroyed.
Ark's ghost barely misses you. x2
You hit ark's ghost but do no damage.
Ark's ghost is almost destroyed.
Ark's ghost hits you!
* * * LOW HITPOINT WARNING * * *
Unknown command.
You barely miss ark's ghost.
Ark's ghost is almost destroyed.
Ark's ghost whispers, "The ORB doesn't exist."
Ark's ghost hits you!
You die...

*******,*******,*******#####...
*,,,,,*,,,,,,,,,,,,,.....#.#.
*,,,,##,******,**,,,.........
*,,,,,..* *,**,,.......#..
*,,..##.##* *,,,,........#..
*,,,,.?W..******,*........#..
*,,,,,,...,,,,,,,,........#..
****,,,,#.###########.....#..
*,,,,#..W@......##.##..#..
*,,,,##########.##.##..†..
*,,,,* *****###....##'##..
****** *,,,*#.......)..#..
*,,,*#..........#..
*,,,*#.....)....#..
*,,,*#..........##.
*,,,*#..........##>
*,,,,...........#..


You could see ark's ghost.

Vanquished Creatures
  Grinder (D:3)
  A centaur zombie (D:3)
  Ijyb (D:3)
  Terence (D:3)
  Robin (D:3)
  4 adders
  4 giant geckos
  An orc (D:3)
  A ball python (D:2)
  2 giant cockroaches (D:1)
  16 goblins
  8 hobgoblins
  3 jackals (D:2)
  A quokka (D:3)
  5 bats
  10 giant newts
  5 kobolds
  3 rats
68 creatures vanquished.

Notes
Turn   | Place    | Note
--------------------------------------------------------------
     0 | D:1      | achirane, the Formicid Earth Elementalist, began the quest for the Orb.
     0 | D:1      | Reached XP level 1. HP: 13/13 MP: 3/3
   131 | D:1      | Reached skill level 4 in Earth Magic
   169 | D:1      | Reached XP level 2. HP: 19/19 MP: 5/5
   878 | D:1      | Reached XP level 3. HP: 24/24 MP: 7/7
   935 | D:2      | Reached skill level 5 in Earth Magic
  1245 | D:2      | Reached XP level 4. HP: 30/30 MP: 8/8
  1707 | D:3      | Noticed Ijyb
  1759 | D:3      | Killed Ijyb
  1759 | D:3      | Reached skill level 6 in Earth Magic
  1839 | D:3      | Reached XP level 5. HP: 29/35 MP: 6/11
  1844 | D:3      | Learned a level 3 spell: Stone Arrow
  1847 | D:3      | Learned a level 2 spell: Stoneskin
  1902 | D:3      | Noticed Grinder
  1905 | D:3      | Noticed Robin
  1952 | D:3      | Killed Grinder
  1952 | D:3      | Reached skill level 8 in Earth Magic
  1952 | D:3      | Reached XP level 6. HP: 25/41 MP: 4/12
  2000 | D:3      | Killed Robin
  2364 | D:3      | Noticed Terence
  2372 | D:3      | Killed Terence
  2372 | D:3      | Reached XP level 7. HP: 44/46 MP: 10/14
  2388 | D:3      | Noticed ark's ghost (average TrEE)
  2408 | D:3      | Slain by ark's ghost

Action                   |  1- 3 |  4- 6 |  7- 9 || total
-------------------------+-------+-------+-------++-------
Melee: Dagger            |       |    11 |       ||    11
       Club              |       |    39 |     7 ||    46
 Fire: Hunting sling     |    45 |    20 |       ||    65
 Cast: Sandblast         |    13 |    39 |     6 ||    58
       Stoneskin         |       |     1 |       ||     1
Evoke: Wand              |       |       |     1 ||     1
  Use: Potion            |       |     6 |     1 ||     7
       Scroll            |       |     5 |       ||     5
  Eat: Chunk             |     1 |     4 |       ||     5
